 Dungeon Crawl Stone Soup version bcrawl-1.19.1 (webtiles) character file.

Game seed: 13384303412277074211

21 Anathary the Poker (level 2, -4/23 HPs)
             Began as a Barachi Sloth Apostle on Dec 12, 2019.
             Was an Initiate of Cheibriados.
             Slain by an orc
             ... wielding a +0 short sword
              (7 damage)
             ... on level 2 of the Dungeon.
             The game lasted 00:03:10 (1290 turns).

Anathary the Poker (Barachi Sloth Apostle)          Turns: 1290, Time: 00:03:11

Health: -4/23      AC:  2    Str: 14    XL:     2   Next: 87%
Magic:  3/3        EV:  9    Int: 13    God:    Cheibriados [......]
Gold:   69         SH:  8    Dex: 12    Spells: 2/3 levels left

rFire    . . .     SeeInvis .   a - +0 spear
rCold    . . .     Gourm    .   c - +0 shield
rNeg     . . .     Faith    .   b - +0 robe
rPois    .         Spirit   .   (no helmet)
rElec    .         Reflect  .   (no cloak)
rCorr    .         Harm     .   (no gloves)
MR       .....                  (no boots)
Stlth    ++........             (no amulet)
HPRegen  0.07/turn              (no ring)
MPRegen  0.08/turn              (no ring)

@: very slow
A: +LOS, swims, slowness 1, strong legs 1
a: Hop, Bend Time, Renounce Religion


You were on level 2 of the Dungeon.
You worshipped Cheibriados.
Cheibriados was noncommittal.
You were not hungry.

You visited 1 branch of the dungeon, and saw 2 of its levels.

You collected 69 gold pieces.

Inventory:

Hand Weapons
 a - a +0 spear (weapon)
Armour
 b - a +0 robe (worn)
 c - a +0 shield (worn)
Wands
 d - a wand of paralysis (10)
Scrolls
 e - a scroll of remove curse {unknown}
 f - a scroll of enchant armour {unknown}
 g - 4 scrolls of identify {unknown}
 i - a scroll of fog {unknown}
 k - 2 scrolls of blinking {unknown}
 l - a scroll of immolation {unknown}
 n - a scroll of magic mapping {unknown}
Potions
 h - a potion of agility {unknown}
 j - a potion of heal wounds {unknown}
 m - a potion of brilliance {unknown}


   Skills:
 - Level 2.4 Fighting
 + Level 3.2 Polearms
 + Level 0.5 Dodging
 - Level 3.0 Stealth
 - Level 2.1 Shields
 - Level 1.1 Spellcasting
 - Level 1.1 Hexes
 - Level 1.1 Evocations


You had 2 spell levels left.
You knew the following spells:

 Your Spells              Type           Power        Failure   Level  Hunger
a - Slow                  Hex            #.......     67%         1    ##.....
Your spell library was empty.

Dungeon Overview and Level Annotations

Branches:
Dungeon (2/12)

Altars:


Innate Abilities, Weirdness & Mutations

Shadows flee at your approach. (+LOS)
You can swim through water.
You cover ground slowly.
You can hop short distances.


Message History

An orc comes into view.
The orc shouts! x2; You hear a shout!
An orc comes into view.
The orc shouts!
A worm comes into view.
You block the orc's attack.
Found an escape hatch in the floor.
You barely miss the orc. The orc hits you with a +0 club.
The orc closely misses you.
You completely miss the orc. The orc hits you with a +0 club.
The orc hits you with a +0 short sword!
A hobgoblin comes into view.
The orc hits you with a +0 club.
* * * LOW HITPOINT WARNING * * *
You block the orc's attack. The orc hits you but does no damage.
The orc hits you with a +0 short sword.
* * * LOW HITPOINT WARNING * * *
The hobgoblin shouts!
The orc barely misses you. The orc hits you with a +0 short sword!
You die...

.....##..#..#.#)#########.#
.........#..#.#.# #.......
###g...#.#.# #.####..
#........#.# #.# #..
#.......##.####.# ...
#............##.# #..
.####..........#.##<# #..
#........ooo.####.##.# ..#
######...o@..# ##.# #..
#.......# #.# #.. #####.###
#.. ..# ### .### #.


You could see 4 orcs and a hobgoblin.

Vanquished Creatures
  An ooze (D:1)
  2 leopard geckos (D:1)
  A bat (D:1)
  3 goblins (D:1)
  2 hobgoblins
  A frilled lizard (D:1)
  2 kobolds (D:1)
  4 rats (D:1)
16 creatures vanquished.

Notes
Turn   | Place    | Note
-------+----------+-------------------------------------------
     0 | D:1      | Anathary the Barachi Sloth Apostle began the quest for the
                  | Orb.
     0 | D:1      | Reached XP level 1. HP: 17/17 MP: 2/2
     0 | D:1      | Noticed an electric eel
   328 | D:1      | Reached XP level 2. HP: 18/23 MP: 3/3
  1290 | D:2      | Slain by an orc

Skill      XL: |  1  2 |
---------------+-------+-----
Polearms       | 3 |  3.2
Fighting       | |  2.4
Dodging        | |  0.5
Stealth        | |  3.0
Shields        | |  2.1
Spellcasting   | |  1.1
Hexes          | |  1.1
Evocations     | |  1.1

Action                   || total
-------------------------++-------
Melee: Spear             ||    64
 Stab: Sleeping          ||     1
  Eat: Ration            ||     1
Armor: Robe              ||     6
Dodge: Dodged            ||    19
Block: Shield            ||    22
